Map: Orbital Shipyard

Players

CCOP

  • Race: Zerg Zerg
  • League: Bronze

HzVee - Winner!

  • Race: Protoss Protoss

VOD

Have the link to the VOD?

Description

Time

  • Played on: Sept. 29, 2015, 9:45 p.m.
  • Length: 14:43
Show
View Real Time Build Order
Export as new Build Order

CCOP Zerg 

Build Orders: Pool First 

Get SALT Encoding   

  12  0:01  Drone  
  13  0:10  Drone  
  14  0:17  Overlord  
  14  0:34  Spawning Pool  
  13  0:37  Drone  
  13  0:41  Drone  
  15  0:45  Drone  
  15  0:49  Drone  
  17  1:14  Hatchery  
  16  1:19  Drone  
  16  1:21  Zergling x2  
  16  1:22  Zergling x2  
  19  1:30  Extractor  
  19  1:31  Drone  
  19  1:44  Drone  
  20  1:57  Zergling x2  
  21  2:04  Overlord  
  21  2:18  Overlord  
  21  2:21  Queen  
  23  2:29  Drone x2  
  23  2:53  Drone x4  
  23  2:54  Queen  
  29  3:00  Roach Warren  
  29  3:01  Extractor  
  29  3:03  Queen  
  29  3:04  Drone  
  30  3:09  Overlord  
  30  3:20  Drone x3  
  33  3:36  Overlord x3  
  33  3:48  Drone x2  
  33  3:50  Baneling Nest  
  33  3:55  Drone x2  
  36  3:56  Drone  
  36  3:59  Drone  
  38  4:06  Extractor  
  38  4:07  Drone x2  
  38  4:09  Drone  
  40  4:22  Roach x3  
  40  4:23  Roach  
  48  4:26  Roach  
  50  4:33  Roach x2  
  50  4:36  Roach  
  56  4:50  Drone x5  
  61  4:54  Extractor  
  60  5:02  Evolution Chamber  
  60  5:06  Ravager  
  60  5:07  Ravager x6  
  63  5:11  Ravager  
  67  5:17  Zergling x2  
  67  5:20  Overlord x4  
  68  5:37  Queen  
  68  5:38  Overlord  
  68  5:39  Overlord x2  
  70  5:47  Zerg Missile Weapons Level 1  
  70  5:53  Drone  
  70  5:54  Evolution Chamber, Drone  
  70  5:55  Evolution Chamber  
  70  6:01  Roach x2  
  74  6:06  Roach  
  76  6:25  Drone  
  77  6:30  Hatchery  
  76  6:46  Roach x7  
  90  6:50  Roach x2  
  94  7:03  Drone  
  94  7:04  Drone x5  
  94  7:07  Drone  
  101  7:09  Drone  
  101  7:10  Drone  
  103  7:22  Metabolic Boost  
  103  7:26  Lair  
  103  7:36  Roach  
  105  7:37  Roach x4  
  105  7:43  Drone  
  115  7:44  Drone x4  
  115  7:50  Zerg Ground Armor Level 1  
  118  7:52  Zerg Melee Weapons Level 1  
  118  8:23  Queen  
  120  8:27  Hydralisk Den, Zerg Missile Weapons Level 2  
  120  8:29  Roach x5  
  120  8:32  Overlord x5  
  129  8:50  Lurker Den  
  129  8:58  Hydralisk  
  129  8:59  Hydralisk x8  
  147  9:07  Drone  
  148  9:46  Hydralisk x11  
  148  9:51  Overlord x2  
  170  10:07  Overlord  
  170  10:08  Overlord x2  
  170  10:14  Zerg Ground Armor Level 2  
  170  10:17  Zerg Melee Weapons Level 2  
  170  10:19  Overlord x2  
  170  10:29  Overseer  
  170  10:30  Pneumatized Carapace  
  170  10:31  Burrow  
  170  10:36  Glial Reconstitution  
  170  10:44  Lurker  
  171  10:50  Drone, Extractor  
  171  10:51  Drone x6, Extractor  
  176  11:23  Roach x8  
  176  11:24  Roach x4  
  200  11:32  Infestation Pit  
  200  11:33  Drone  
  197  12:18  Hatchery  
  197  12:22  Roach x11  
  88  12:39  Hive  
  88  12:57  Hydralisk  
  90  13:00  Roach x8  
  107  13:05  Ravager  
  107  13:06  Ravager x5  
  107  13:07  Ravager  
  113  13:18  Roach  
  113  13:19  Roach x6  
  127  13:22  Roach  
  127  13:23  Roach x2  
  132  13:34  Roach x5  
  132  13:35  Roach  
  123  13:48  Roach  
  123  13:49  Roach x3  
  123  13:54  Overseer  
  106  14:06  Roach x3  
  102  14:10  Ravager x3  
  102  14:13  Ravager  
  99  14:21  Roach x2  
  63  14:36  Ravager x2  
Show
View Real Time Build Order
Export as new Build Order

HzVee Protoss - Winner!

Build Orders: Colossus Rush 

Get SALT Encoding   

  12  0:00  Probe (Chrono Boost)  
  13  0:10  Probe (Chrono Boost)  
  14  0:21  Probe (Chrono Boost)  
  14  0:23  Pylon  
  15  0:40  Probe (Chrono Boost)  
  15  0:42  Gateway  
  16  0:48  Assimilator  
  16  0:50  Probe (Chrono Boost)  
  17  1:02  Gateway  
  17  1:09  Probe (Chrono Boost)  
  17  1:10  Pylon  
  18  1:19  Probe (Chrono Boost)  
  19  1:32  Cybernetics Core, Probe (Chrono Boost)  
  20  1:37  Assimilator  
  20  1:45  Probe (Chrono Boost)  
  21  1:59  Probe (Chrono Boost)  
  22  2:05  Warp Gate (Chrono Boost)  
  22  2:09  Stalker  
  22  2:10  Stalker  
  26  2:20  Probe  
  27  2:32  Probe  
  28  2:47  Zealot  
  30  2:58  Probe  
  30  3:00  Nexus  
  31  3:06  Pylon  
  31  3:24  Probe, Zealot x2  
  36  3:27  Robotics Facility  
  36  3:36  Mothership Core  
  38  3:52  Pylon  
  38  4:06  Assimilator  
  38  4:14  Stalker x2  
  42  4:19  Observer (Chrono Boost)  
  42  4:22  Probe  
  44  4:32  Probe  
  44  4:36  Immortal (Chrono Boost)  
  49  4:42  Stalker x2, Probe  
  54  4:52  Probe  
  54  4:57  Robotics Bay  
  55  5:02  Probe  
  55  5:03  Pylon  
  55  5:06  Forge  
  56  5:25  Probe  
  57  5:31  Pylon  
  57  5:35  Probe  
  57  5:37  Stalker x2  
  57  5:41  Protoss Ground Weapons Level 1  
  62  5:45  Probe  
  63  5:55  Probe  
  63  6:01  Assimilator  
  63  6:03  Colossus (Chrono Boost)  
  64  6:05  Probe  
  71  6:12  Pylon  
  71  6:15  Probe  
  71  6:16  Stalker x2  
  76  6:25  Probe  
  77  6:35  Nexus  
  77  6:39  Probe  
  77  6:45  Stalker  
  80  6:47  Stalker  
  80  6:49  Probe  
  80  6:53  Pylon  
  83  7:00  Extended Thermal Lance  
  83  7:09  Colossus (Chrono Boost)  
  89  7:15  Probe  
  89  7:16  Pylon  
  90  7:25  Probe  
  91  7:31  Stalker  
  91  7:35  Stalker  
  95  7:42  Pylon  
  95  7:49  Probe  
  95  7:55  Assimilator  
  96  7:58  Stalker  
  96  7:59  Colossus (Chrono Boost), Probe  
  105  8:08  Gateway  
  105  8:09  Probe  
  105  8:10  Gateway  
  106  8:16  Stalker  
  106  8:19  Probe  
  108  8:22  Stalker  
  111  8:29  Probe  
  112  8:39  Probe  
  113  8:42  Colossus (Chrono Boost)  
  113  8:44  Protoss Shields Level 1  
  119  8:49  Probe  
  119  8:51  Twilight Council  
  120  8:58  Probe  
  120  9:00  Stalker  
  120  9:01  Stalker  
  125  9:11  Pylon  
  125  9:15  Pylon  
  125  9:28  Immortal (Chrono Boost)  
  125  9:30  Stalker  
  125  9:31  Stalker  
  133  9:34  Stalker x2  
  137  10:00  Immortal (Chrono Boost)  
  137  10:02  Pylon  
  137  10:06  Blink (Chrono Boost)  
  141  10:11  Observer Gravitic Boosters  
  141  10:28  Pylon x2  
  141  10:30  Pylon  
  141  10:36  Immortal (Chrono Boost)  
  145  10:48  Stalker x3, Pylon  
  145  10:49  Stalker  
  153  10:56  Protoss Ground Armor Level 1 (Chrono Boost)  
  153  11:13  Colossus (Chrono Boost)  
  159  11:25  Probe  
  159  11:26  Nexus  
  159  11:28  Pylon  
  159  11:30  Pylon  
  160  11:34  Stalker  
  160  11:35  Stalker  
  160  11:36  Stalker x2  
  160  11:38  Probe  
  169  11:50  Probe  
  170  12:01  Stalker x4  
  172  12:02  Observer  
  172  12:07  Pylon  
  179  12:08  Assimilator  
  145  12:23  Protoss Ground Weapons Level 2  
  145  12:25  Stalker x4  
  119  12:53  Gateway  
  119  12:54  Gateway  
  119  12:56  Gateway  
  119  12:59  Colossus  
  119  13:01  Gateway  
  119  13:02  Probe  
  119  13:04  Gateway  
  126  13:14  Probe  
  127  13:26  Probe  
  128  13:34  Stalker  
  128  13:35  Stalker x3  
  128  13:38  Probe  
  135  13:42  Colossus  
  129  13:50  Probe  
  136  13:56  Stalker  
  124  14:22  Stalker x5  
  124  14:23  Stalker x4  
  128  14:37  Assimilator  
  128  14:42  Assimilator  
Tags
 
League
Bronze
Matchup
PvZ
Opening
Pool First
Replay Pack
HzVee P1
Add a new tag
Caveats
  • Supply blocks, unpowered buildings, or Contaminate may cause inaccurate times.
  • Supply counts are checked every 10 seconds.